 Dungeon Crawl Stone Soup version 0.28-a0-691-gad6df49e81 (webtiles) character file.

Game seed: 15051403129841089612

42 jsc133 the Poker (level 3, -4/30 HPs)
             Began as a Merfolk Berserker on Oct 20, 2021.
             Was a Follower of Trog.
             Slain by a gnoll (8 damage)
             ... on level 1 of the Dungeon.
             The game lasted 00:02:12 (333 turns).

jsc133 the Poker (Merfolk Berserker)                 Turns: 333, Time: 00:02:13

Health: -4/30      AC:  2    Str: 17    XL:     3   Next: 54%
Magic:  3/3        EV: 13    Int:  7    God:    Trog [*.....]
Gold:   17         SH:  0    Dex: 13    Spells: 2/2 levels left

rFire   . . .      SeeInvis .   a - +0 spear
rCold   . . .      Faith    .   (no shield)
rNeg    . . .      Spirit   .   b - +0 animal skin
rPois   .          Reflect  .   (no helmet)
rElec   .          Harm     .   (no cloak)
rCorr   .          Rampage  .   (no gloves)
Will    .....                   (no boots)
Stlth   +.........              (no amulet)
HPRegen 0.10/turn               (no ring)
MPRegen 0.08/turn               (no ring)

@: no status effects
A: (nimble swimmer 2), mertail
a: Renounce Religion, Berserk


You were on level 1 of the Dungeon.
You worshipped Trog.
Trog was aware of your devotion.
You visited 1 branch of the dungeon, and saw 2 of its levels.

You collected 17 gold pieces.

Inventory:

Hand Weapons
 a - a +0 spear (weapon)
Missiles
 e - 2 throwing nets (quivered)
Armour
 b - a +0 animal skin (worn)
Scrolls
 f - a scroll of identify {unknown}
Potions
 c - a potion of brilliance {unknown}
 d - a potion of haste {unknown}


   Skills:
 + Level 3.9 Fighting
 + Level 5.0 Polearms
 + Level 1.5 Armour
 + Level 3.6 Dodging


You had 2 spell levels left.
You didn't know any spells.
Your spell library was empty.

Dungeon Overview and Level Annotations

Branches:
Dungeon (2/15)

Altars:

Shops:
D:2 !


Innate Abilities, Weirdness & Mutations

((You are quick and stealthy near water. (Stealth+, EV+, Speed+++)))
Your lower body shifts to a powerful aquatic tail in water.


Message History

The bat is severely wounded.
The bat hits you.
You hit the bat.
You kill the bat!
Trog accepts your kill.
Found 5 gold pieces.
You now have 17 gold pieces (gained 5).
Found 29 sling bullets.
A rat comes into view.
A gnoll comes into view. It is wielding a +0 whip.
You hit the rat but do no damage. You barely miss the rat. The rat bites you.
You closely miss the rat.
The gnoll shouts!
The rat closely misses you.
You hit the rat.
You kill the rat!
Trog accepts your kill.
A quokka comes into view.
The gnoll barely misses you.
You hit the gnoll.
The gnoll is lightly wounded.
The gnoll hits you with a +0 whip.
* * * LOW HITPOINT WARNING * * *
You hit the gnoll.
The gnoll is moderately wounded.
The quokka misses you.
You hit the gnoll but do no damage.
The gnoll is moderately wounded.
The quokka bites you but does no damage.
The gnoll misses you. The quokka bites you.
* * * LOW HITPOINT WARNING * * *
You barely miss the gnoll.
The gnoll is moderately wounded.
The gnoll hits you with a +0 whip.
* * * LOW HITPOINT WARNING * * *
You hit the gnoll.
The gnoll is heavily wounded.
The quokka closely misses you. The gnoll hits you with a +0 whip!
You die...

#... ......#
#..........# #...
......# #..........#
#... ......#
#..........# #...
......# ####..........#
#... ......#
#.............## ....
......# #.# ...........
......###.### #.gr.(#
............###.@#
...............##......#
.............### .###..#
.............# .#
.............# .#
#####.......## .+
............# .#
............# ##
......#######


You could see a gnoll and a quokka.

Vanquished Creatures
  2 adders (D:2)
  A worm (D:2)
  A dart slug (D:1)
  4 endoplasms
  2 goblins (D:1)
  A quokka (D:1)
  2 ball pythons (D:1)
  3 bats
  A frilled lizard (D:2)
  2 kobolds
  2 rats (D:1)
21 creatures vanquished.

Notes
Turn   | Place    | Note
-------+----------+-------------------------------------------
     0 | D:1      | jsc133 the Merfolk Berserker began the quest for the Orb.
     0 | D:1      | Reached XP level 1. HP: 18/18 MP: 1/1
   116 | D:1      | Reached XP level 2. HP: 18/24 MP: 2/2
   207 | D:2      | Reached XP level 3. HP: 30/30 MP: 3/3
   230 | D:2      | Found Aqaari's Distillery.
   238 | D:2      | Reached skill level 5 in Polearms
   333 | D:1      | Slain by a gnoll

Illustrated notes

Levels and vault maps discovered:
D:1:      mrwooster_arrival_statue, layout_basic,
          shapermc_ecumenical_altar_mp_vishouse
D:2:      layout_basic, serial_curves, eino_curves_03, eino_curves_01,
          eino_curves_01, serial_shops, shop_statue, grunt_ministairs_12,
          corexii_corridor_pit, minmay_domino_2

Skill      XL: |  1  2  3 |
---------------+----------+-----
Dodging        | 3 |  3.6
Polearms       | 5 |  5.0
Fighting       | |  3.9
Armour         | |  1.5

Action                   || total
-------------------------++-------
Melee: Spear             ||    68
Armor: Animal skin       ||    16
Dodge: Dodged            ||    70

Table legend: (Time is in decaauts)
 A = Elapsed time spent in this place.
 B = Non-inter-level travel time spent in this place.
 C = Inter-level travel time spent in this place.
 D = Time resting spent in this place.
 E = Time spent auto-exploring this place.
 F = Levels seen in this place.
 G = Mean time per level.
                   A        B        C        D        E       F      G
               +--------+--------+--------+--------+--------+-----+--------+
         Total |    323 |    323 |      0 |      0 |      0 |   2 |  161.5 |
       Dungeon |    323 |    323 |      0 |      0 |      0 |   2 |  161.5 |
               +--------+--------+--------+--------+--------+-----+--------+

Top non-repeatable levels by time:
     D:1: 201 daAuts
     D:2: 122 daAuts
